 Dungeon Crawl Stone Soup version 0.22.1-2-g9c5b331 (webtiles) character file.

387226 diana the Spry (level 23, -80/194 HPs)
             Began as a Barachi Fighter on Nov 22, 2018.
             Was an Initiate of Gozag.
             Annihilated by a titanic slime creature (81 damage)
             ... while paralysed by a vampire knight
             ... on level 1 of the Depths.
             The game lasted 02:29:55 (56513 turns).

diana the Spry (Barachi Fighter)                   Turns: 56513, Time: 02:29:57

Health: -80/194    AC: 36    Str: 28    XL:     23   Next: 2%
Magic:  23/23      EV:  2    Int: 13    God:    Gozag
Gold:   8451       SH:  0    Dex: 26    Spells: 22/22 levels left

rFire    + . .     SeeInvis +   s - +10 long sword of Articulation {venom, *Corrode rElec rPois Int+7}
rCold    + . .     Gourm    .   Z - +18 shield of the Gong {rElec rN+ MR+ EV-5}
rNeg     + . .     Faith    .   S - +10 chain mail of Altruism {rCorr Int-4 SInv}
rPois    +         Spirit   .   T - +3 hat of Goggiboa {Dex+4}
rElec    +         Reflect  +   V - scarf {repulsion}
rCorr    +         Harm     .   R - +2 pair of gloves {Dex+3}
MR       ++...                  D - +0 pair of boots "Itsairor" {Str+5 Dex+4 Stlth+}
Stlth    ..........             O - +3 amulet of reflection
HPRegen  0.42/turn              u - ring "Erahaikk" {rPois rF+ rC+}
MPRegen  0.18/turn              A - +6 ring of protection

@: paralysed, corroded, repel missiles, slow
A: +LOS, swims, hooves 1, electricity resistance, slowness 1, MP-powered wands,
strong legs 2
}: 2/15 runes: barnacled, gossamer
a: Hop, Potion Petition, Call Merchant, Bribe Branch, Renounce Religion


You were on level 1 of the Depths.
You worshipped Gozag.
Gozag was greatly pleased with you.
You were near starving.

You visited 8 branches of the dungeon, and saw 40 of its levels.
You also visited: Labyrinth and Ice Cave.

You collected 19661 gold pieces.
You spent 7302 gold pieces at shops.
You paid 3908 gold pieces to Gozag.

Inventory:

Hand Weapons
 s - the +10 long sword of Articulation (weapon) {venom, *Corrode rElec rPois Int+7}
   (You found it on level 6 of the Dungeon)

   It poisons the flesh of those it strikes.
   It affects your intelligence (+7).
   It insulates you from electricity.
   It protects you from poison.
   It may corrode you when you take damage.
Missiles
 c - 7 throwing nets (quivered)
Armour
 n - the +0 mask of the Dragon {MR+ Slay+3 SInv}
   (You bought it in a shop on level 2 of the Orcish Mines)

   It affects your accuracy and damage with ranged weapons and melee attacks
   (+3).
   It affects your resistance to hostile enchantments.
   It lets you see invisible.
 D - the +0 pair of boots "Itsairor" (worn) {Str+5 Dex+4 Stlth+}
   (You bought it in a shop on level 2 of the Vaults)

   It affects your strength (+5).
   It affects your dexterity (+4).
   It makes you more stealthy.
 R - a +2 pair of gloves of dexterity (worn)
 S - the +10 chain mail of Altruism (worn) {rCorr Int-4 SInv}
   (You bought it in a shop on level 2 of the Vaults)

   It affects your intelligence (-4).
   It lets you see invisible.
   It provides partial protection from all sources of acid and corrosion.
 T - the +3 hat of Goggiboa (worn) {Dex+4}
   (You found it in an ice cave)

   It affects your dexterity (+4).
 V - a scarf of repulsion (worn)
 Z - the +18 shield of the Gong (worn) {rElec rN+ MR+ EV-5}
   (You bought it in a shop on level 2 of the Orcish Mines)

   It affects your evasion (-5).
   It insulates you from electricity.
   It protects you from negative energy.
   It affects your resistance to hostile enchantments.
Jewellery
 u - the ring "Erahaikk" (left hand) {rPois rF+ rC+}
   (You found it on level 4 of the Dungeon)

   [ring of protection from cold]

   It protects you from fire.
   It protects you from cold.
   It protects you from poison.
 A - a +6 ring of protection (right hand)
 O - a +3 amulet of reflection (around neck)
 Q - the amulet "Plog" {Spirit Str+4}
   (You found it on level 10 of the Dungeon)

   [amulet of guardian spirit]

   It causes incoming damage to be split between your health and magic.
   It affects your strength (+4).
Wands
 r - a wand of acid (5)
 x - a wand of disintegration (13)
 E - a wand of iceblast (12)
 F - a wand of polymorph (34)
 H - a wand of enslavement (32)
 I - a wand of flame (22)
 M - a wand of paralysis (60)
Scrolls
 b - a scroll of summoning
 h - 5 scrolls of magic mapping
 k - 4 scrolls of fog
 o - 19 scrolls of remove curse
 p - 2 scrolls of identify
 q - 5 scrolls of immolation
 t - 7 scrolls of teleportation
 v - a scroll of blinking
 y - 6 scrolls of fear
 B - 10 scrolls of enchant weapon
 J - 4 scrolls of enchant armour
 N - 6 scrolls of holy word
 U - a scroll of brand weapon
 Y - a scroll of acquirement
Potions
 a - 8 potions of curing
 d - 8 potions of might
 e - 5 potions of flight
 g - 2 potions of berserk rage
 i - 7 potions of brilliance
 j - 5 potions of magic
 l - a potion of heal wounds
 w - 6 potions of agility
 z - 2 potions of cancellation
 C - 4 potions of haste
 G - 2 potions of invisibility
 K - 2 potions of mutation
 W - 6 potions of ambrosia
Miscellaneous
 m - 3 phantom mirrors
 L - 5 boxes of beasts
 P - a lamp of fire
 X - a sack of spiders
Comestibles
 f - 43 rations


   Skills:
 - Level 19.3 Fighting
 - Level 20.6 Long Blades
 + Level 20.6 Armour
 * Level 20.7 Dodging
 - Level 18.6 Shields


You had 22 spell levels left.
You didn't know any spells.
Your spell library contained the following spells:

 Spells                   Type           Power        Failure   Level  Hunger
 Animate Skeleton         Necr           N/A          63%         1    ##.....
 Beastly Appendage        Tmut           #.....       63%         1    ##.....
 Flame Tongue             Conj/Fire      #....        63%         1    ##.....
 Infusion                 Chrm           #...         63%         1    ##.....
 Magic Dart               Conj           #...         63%         1    ##.....
 Pain                     Necr           #...         63%         1    ##.....
 Summon Small Mammal      Summ           #...         63%         1    ##.....
 Blink                    Tloc           N/A          77%         2    ###....
 Call Imp                 Summ           #.......     77%         2    ###....
 Corpse Rot               Necr           N/A          77%         2    ###....
 Ensorcelled Hibernation  Hex/Ice        #.....       77%         2    ###....
 Shroud of Golubria       Chrm/Tloc      #.........   77%         2    ###....
 Slow                     Hex            #.......     77%         2    ###....
 Song of Slaying          Chrm           #.......     77%         2    ###....
 Sticks to Snakes         Tmut           #.......     77%         2    ###....
 Sublimation of Blood     Necr           #.........   77%         2    ###....
 Throw Flame              Conj/Fire      #.....       77%         2    ###....
 Throw Frost              Conj/Ice       #.....       77%         2    ###....
 Call Canine Familiar     Summ           #.......     94%         3    ####...
 Conjure Flame            Conj/Fire      #.......     94%         3    ####...
 Gell's Gravitas          Tloc           #.........   94%         3    ####...
 Ignite Poison            Fire/Tmut/Pois #.......     94%         3    ####...
 Inner Flame              Hex/Fire       #.......     94%         3    ####...
 Lesser Beckoning         Tloc           #.........   94%         3    ####...
 Mephitic Cloud           Conj/Pois/Air  #.......     94%         3    ####...
 Recall                   Summ/Tloc      N/A          94%         3    ####...
 Regeneration             Chrm/Necr      #.........   94%         3    ####...
 Spectral Weapon          Hex/Chrm       #.......     94%         3    ####...
 Spider Form              Tmut/Pois      #.........   94%         3    ####...
 Static Discharge         Conj/Air       #.......     94%         3    ####...
 Stone Arrow              Conj/Erth      #.....       94%         3    ####...
 Summon Guardian Golem    Hex/Summ       #.......     94%         3    ####...
 Teleport Other           Tloc           #.......     94%         3    ####...
 Animate Dead             Necr           N/A          100%        4    #####..
 Cause Fear               Hex            #.........   100%        4    #####..
 Fulminant Prism          Conj/Hex       #.........   100%        4    #####..
 Ice Form                 Ice/Tmut       #.......     100%        4    #####..
 Leda's Liquefaction      Hex/Erth       #.........   100%        4    #####..
 Passage of Golubria      Tloc           N/A          100%        4    #####..
 Sticky Flame             Conj/Fire      #.......     100%        4    #####..
 Summon Ice Beast         Ice/Summ       #.......     100%        4    #####..
 Summon Lightning Spire   Summ/Air       #.......     100%        4    #####..
 Agony                    Necr           #.......     100%        5    ######.
 Aura of Abjuration       Summ           #.........   100%        5    ######.
 Blade Hands              Tmut           #.........   100%        5    ######.
 Bolt of Magma            Conj/Fire/Erth #.........   100%        5    ######.
 Borgnjor's Vile Clutch   Necr/Erth      #.........   100%        5    ######.
 Fireball                 Conj/Fire      #.........   100%        5    ######.
 Iskenderun's Battlesphe  Conj/Chrm      #.......     100%        5    ######.
 Lightning Bolt           Conj/Air       #.........   100%        5    ######.
 Silence                  Hex/Air        #.........   100%        5    ######.
 Summon Demon             Summ           #.........   100%        5    ######.
 Summon Forest            Summ/Tloc      #.........   100%        5    ######.
 Summon Mana Viper        Hex/Summ       #.......     100%        5    ######.
 Venom Bolt               Conj/Pois      #.........   100%        5    ######.
 Yara's Violent Unravell  Hex/Tmut       #.........   100%        5    ######.
 Bolt of Fire             Conj/Fire      #.........   100%        6    #######
 Conjure Ball Lightning   Conj/Air       #.........   100%        6    #######
 Deflect Missiles         Chrm/Air       #.........   100%        6    #######
 Iron Shot                Conj/Erth      #.........   100%        6    #######
 Shadow Creatures         Summ           N/A          100%        6    #######
 Statue Form              Tmut/Erth      #........    100%        6    #######
 Orb of Destruction       Conj           #.........   100%        7    #######
 Ring of Flames           Chrm/Fire      #.........   100%        7    #######
 Spellforged Servitor     Conj/Summ      #.........   100%        7    #######
 Discord                  Hex            #.........   100%        8    #######
 Ignition                 Fire           #.........   100%        8    #######
 Shatter                  Erth           #.........   100%        9    #######
 Tornado                  Air            #.........   100%        9    #######


Dungeon Overview and Level Annotations

Branches:
Dungeon (15/15)            Temple (0/1) D:7            Lair (6/6) D:8
 Shoals (4/4) Lair:3       Spider (4/4) Lair:2        Slime (0/5) Lair:6
    Orc (2/2) D:10            Elf (3/3) Orc:2        Vaults (4/5) D:13
  Crypt (0/3) Vaults:3     Depths (1/5) D:15

Altars:
Cheibriados
Dithmenos
Fedhas
Gozag
Hepliaklqana
Kikubaaqudgha
Ru
Trog
Uskayaw
Vehumet
Wu Jian
Xom
Yredelemnul
Zin
The Shining One
Beogh

Shops:
D:6 [   D:10 [   D:14 [[   Orc:2 [:*[(   Elf:1 =!   Elf:3 (   Shoals:1 *(
Shoals:4 =*:   Vaults:1 [   Vaults:2 [[=   Vaults:4 [(

Annotations:
D:4 exclusion: statue
Lair:1 1 runed door, smtktc's ghost, novice DECj
Elf:2 2 runed doors


Innate Abilities, Weirdness & Mutations

Shadows flee at your approach. (+LOS)
You can swim through water.
You cover ground slowly.
You can hop long distances.
You have large cloven feet.
You are resistant to electric shocks. (rElec)
You expend magic power (3 MP) to strengthen your wands.


Message History

The green very ugly thing tail-slaps you but does no damage.
You hear a horrible gurgling sound!
You hear a howl!
The vampire knight hits you from afar with a bardiche.
* * * LOW HITPOINT WARNING * * *
The titanic slime creature hits you but does no damage.
The green very ugly thing tail-slaps you but does no damage.
The vampire knight hits you but does no damage.
The titanic slime creature hits you but does no damage.
The ice dragon breathes frost at you.
The blast of cold hits the white very ugly thing.
The white very ugly thing resists.
Helpless, you fail to dodge the blast of cold.
You resist.
* * * LOW HITPOINT WARNING * * *
You hear a horrible gurgling sound!
The vampire knight hits you from afar with a bardiche.
* * * LOW HITPOINT WARNING * * *
The titanic slime creature hits you!!!!
You die...
Your body crumbles into a pile of gold.

.................V..
#.....C.............
!..................
... ##..<........
##.. #...u..u.....
#...#####C.........
##..V.. #..........
#....u####Vu........
#[...@uC.#..........
#....$#JODO.VV2##....
#...(####O##Ou.# ....
......# u..#...## ...
..#... ..u#.##...# #.
. ###.....####..u#
##... #...u #...
...>. ##c ......


You could see 2 very ugly things, an ice dragon, a stone giant, a hell beast, a
vampire knight, a purple ugly thing, 2 jiangshi, a titanic slime creature, 2
two-headed ogres, an ogre mage and an ogre.

Vanquished Creatures
  Xtahua (Vaults:3)
  A bone dragon (Vaults:3)
  Arachne (Spider:4)
  A lich (Vaults:3)
  Asterion (Orc:2)
  2 deep elf master archers
  The ghost of Muejoytu the Wallflower, an adept NaGl of Uskayaw (Shoals:2)
  A sphinx (Depths:1)
  Kirke (Elf:1)
  A kraken (Shoals:2)
  The ghost of Geodd the Sniper, an adept BaHu of Okawaru (Shoals:1)
  Polyphemus (Shoals:2)
  3 tengu reavers
  An azure jelly (shapeshifter) (Vaults:4)
  8 deep elf sorcerers
  3 fire giants
  A frost giant (Shoals:2)
  6 emperor scorpions
  11 vault wardens
  4 ghost moths
  4 deep elf elementalists (Elf:3)
  3 orc warlords
  A reaper (IceCv)
  9 ironheart preservers
  6 very ugly things (Depths:1)
  5 stone giants
  5 deep elf demonologists
  5 entropy weavers
  A spark wasp (Spider:3)
  A minotaur (Lab)
  2 deep elf annihilators
  The ghost of Uwypaar the Peltast, a journeyman GrFi of the Shining One (Lair:5)
  Azrael (Spider:2)
  4 deep elf death magi
  3 merfolk javelineers
  5 merfolk impalers
  4 ettins
  3 fire dragons
  4 great orbs of eyes
  5 deep elf high priests
  Josephine (D:15)
  8 yaktaur captains
  22 vault guards
  3 rakshasas
  3 ice dragons
  A jiangshi (Depths:1)
  9 hydras
  Harold (Lair:2)
  A catoblepas (Shoals:2)
  10 centaur warriors
  4 merfolk avatars
  An alligator snapping turtle (Shoals:3)
  A death knight (D:14)
  4 merfolk aquamancers
  A queen ant (Lair:6)
  14 two-headed ogres
  6 ogre magi
  2 deep troll shamans (Vaults:1)
  2 satyrs (Shoals:4)
  A tengu warrior (D:15)
  2 vampire magi (Depths:1)
  26 death yaks
  15 deep elf knights
  2 orc high priests
  Nergalle (Orc:1)
  4 skeletal warriors (D:14)
  2 shadow wraiths
  7 unseen horrors
  6 sea snakes
  18 deep elf archers
  2 flayed ghosts
  10 wizards
  A glowing orange brain (Vaults:4)
  3 deep trolls
  19 harpies
  A harpy (shapeshifter) (Vaults:2)
  15 orc knights
  Pikel (D:4)
  20 orb spiders
  14 ironbrand convokers
  2 necromancers
  11 ugly things
  A cyclops (shapeshifter) (Elf:2)
  41 wolf spiders
  59 deep elf magi
  16 manticores
  3 moths of wrath
  20 fauns
  An oklob plant (D:14)
  6 orc sorcerers
  13 cyclopes
  15 elephants
  4 black mambas
  2 naga magi (Vaults:3)
  6 water nymphs
  13 vault sentinels
  9 spiny frogs
  11 merfolk sirens
  2 ice statues (IceCv)
  A gargoyle (D:11)
  2 torpor snails
  25 yaktaurs
  14 demonic crawlers
  4 freezing wraiths
  A kobold demonologist (D:15)
  6 rime drakes
  7 komodo dragons
  7 ice devils (IceCv)
  A queen bee (shapeshifter) (Vaults:4)
  A tengu conjurer (Vaults:3)
  A troll (shapeshifter) (Vaults:1)
  A queen bee (Lair:3)
  A wind drake (shapeshifter) (Depths:1)
  A meliai (shapeshifter) (D:15)
  3 meliai (D:14)
  13 hornets
  29 jumping spiders
  A polar bear (shapeshifter) (Vaults:3)
  11 trolls
  17 merfolk
  A polar bear (Lair:4)
  Grinder (D:5)
  A tyrant leech (shapeshifter) (Vaults:4)
  A harpy skeleton (D:14)
  A wind drake (Shoals:1)
  13 dream sheep
  11 snapping turtles
  A stone giant simulacrum (Vaults:2)
  10 hippogriffs
  13 blink frogs
  15 slime creatures
  5 air elementals
  79 redbacks
  2 centaur simulacra
  A vampire (D:13)
  29 tarantellas
  2 wyverns
  11 wraiths
  48 yaks
  A spriggan (shapeshifter) (D:15)
  16 water elementals
  A yak (shapeshifter) (Elf:1)
  A shapeshifter (Elf:2)
  3 shadows
  5 hogs
  2 basilisks
  A human (shapeshifter) (Vaults:2)
  A hungry ghost (D:11)
  10 fire elementals
  A hog (shapeshifter) (D:15)
  A golden eye (shapeshifter) (Vaults:3)
  2 humans
  A redback simulacrum (D:14)
  Menkaure (D:7)
  4 electric eels
  3 vampire mosquitoes (D:15)
  8 wargs
  A swamp worm (shapeshifter) (Vaults:3)
  A soldier ant (shapeshifter) (Vaults:3)
  16 soldier ants
  13 two-headed ogre zombies (D:9)
  9 water moccasins
  2 acid dragons
  An orc zombie (Vaults:2)
  9 porcupines
  40 orc warriors
  5 ice beasts
  8 sky beasts
  2 human zombies (Vaults:2)
  2 black bears
  6 necrophages
  2 boggarts (Vaults:3)
  16 ogres
  13 wolves
  4 phantoms
  15 centaurs
  A boggart (shapeshifter) (Vaults:1)
  11 crocodiles
  Blork the orc (Orc:2)
  5 big kobolds
  17 bullfrogs
  5 gnoll sergeants (D:10)
  A water moccasin zombie (D:7)
  A glowing shapeshifter simulacrum (Vaults:2)
  4 earth elementals
  A hornet simulacrum (D:14)
  3 scorpions
  A water moccasin skeleton (D:9)
  A wyvern skeleton (D:11)
  36 killer bees
  5 wights (D:14)
  3 vampire bats (D:8)
  5 jellies
  4 lava snakes
  5 crimson imps
  3 bullfrog zombies
  A howler monkey (D:13)
  2 quasits
  3 centaur zombies
  16 orc wizards
  21 orc priests
  6 centaur skeletons
  4 hounds
  4 iguanas
  29 worker ants
  5 hell rats (Lair:4)
  A killer bee zombie (D:9)
  A hound zombie (D:6)
  A hound skeleton (D:2)
  A howler monkey zombie (D:11)
  3 worker ant zombies (D:5)
  28 gnolls
  18 adders
  2 howler monkey skeletons
  A shadow imp (D:12)
  18 white imps
  6 ufetubi (IceCv)
  2 oozes
  4 adder skeletons
  2 dart slugs
  A worm (D:3)
  7 leopard geckos
  77 orcs
  2 ball pythons (D:2)
  A bat skeleton (D:8)
  4 bat zombies (D:8)
  A giant cockroach (D:8)
  3 hobgoblins
  7 jackals
  4 quokkas
  4 bats
  2 frilled lizards
  3 goblins
  A jackal zombie (D:4)
  16 kobolds
  A leopard gecko zombie (D:6)
  5 rats
  A spectral orc (D:5)
  2 plants (D:14)
  3 tentacles (Shoals:2)
1677 creatures vanquished.

Vanquished Creatures (collateral kills)
  A water moccasin (Lair:1)
1 creature vanquished.

Vanquished Creatures (others)
  A frost giant (Vaults:3)
  A stone giant (Vaults:4)
  A merfolk javelineer (Shoals:4)
  3 yaktaur captains
  15 dancing weapons
  A merfolk aquamancer (Shoals:4)
  A satyr (Shoals:4)
  A deep elf knight (Elf:1)
  A deep elf archer (Elf:1)
  2 deep elf magi
  10 cyclopes
  5 fauns
  10 yaktaurs
  An air elemental (Elf:1)
  3 humans
  A vampire mosquito (D:15)
  5 centaurs
  3 boggarts
  4 white imps (IceCv)
  6 ufetubi (IceCv)
  A kobold (D:15)
  5 fungi
  70 plants
  4 tentacles (Shoals:2)
155 creatures vanquished.

Grand Total: 1833 creatures vanquished

Notes
Turn   | Place    | Note
-------+----------+-------------------------------------------
     0 | D:1      | diana the Barachi Fighter began the quest for the Orb.
     0 | D:1      | Reached XP level 1. HP: 18/18 MP: 1/1
   373 | D:1      | Reached XP level 2. HP: 25/25 MP: 2/2
   681 | D:1      | Reached XP level 3. HP: 30/30 MP: 3/3
  1554 | D:2      | Found a faded altar of an unknown god.
  1635 | D:3      | Found a hide-covered altar of Uskayaw.
  1828 | D:3      | Reached XP level 4. HP: 38/38 MP: 4/4
  2007 | D:3      | Found a shadowy altar of Dithmenos.
  2151 | D:3      | Reached skill level 5 in Long Blades
  2243 | D:3      | Reached XP level 5. HP: 43/43 MP: 5/5
  2642 | D:4      | Reached skill level 5 in Fighting
  2737 | D:4      | HP: 2/44 [poisoned by a scorpion]
  3077 | D:4      | Found a bloodstained altar of Trog.
  3134 | D:4      | Reached XP level 6. HP: 44/51 MP: 3/6
  3254 | D:4      | Got a clouded golden ring
  3271 | D:4      | Identified the ring "Erahaikk" {rPois rF+ rC+} (You found
                  | it on level 4 of the Dungeon)
  3570 | D:4      | Found a radiant altar of Vehumet.
  3614 | D:4      | Noticed a slave
  3625 | D:4      | Noticed a slave
  3630 | D:4      | Noticed Pikel
  3630 | D:4      | Noticed a slave
  3631 | D:4      | Noticed a slave
  3782 | D:4      | Killed Pikel
  3782 | D:4      | Reached XP level 7. HP: 50/59 MP: 4/7
  3969 | D:5      | Entered Level 5 of the Dungeon
  4211 | D:5      | Reached XP level 8. HP: 67/67 MP: 8/8
  4516 | D:5      | Noticed Grinder
  4538 | D:5      | Paralysed by something for 4 turns
  4569 | D:5      | Paralysed by Grinder for 2 turns
  4574 | D:5      | Paralysed by Grinder for 4 turns
  4580 | D:5      | Killed Grinder
  4580 | D:5      | Reached skill level 10 in Long Blades
  5465 | D:5      | Found a basalt altar of Yredelemnul.
  5879 | D:6      | Got an ancient long sword
  5880 | D:6      | Identified the +10 long sword of Articulation {venom,
                  | *Corrode rElec rPois Int+7} (You found it on level 6 of the
                  | Dungeon)
  5950 | D:6      | Found Xomnirohi's Antique Armour Shop.
  6065 | D:6      | Reached XP level 9. HP: 60/75 MP: 7/9
  6132 | D:6      | Found an ornate altar of the Wu Jian Council.
  6750 | D:7      | Found a staircase to the Ecumenical Temple.
  6834 | D:7      | Noticed Menkaure
  6838 | D:7      | Killed Menkaure
  7024 | D:7      | Found an opulent altar of Gozag.
  7029 | D:7      | Became a worshipper of Gozag Ym Sagoz the Greedy
  7283 | D:8      | Found a glowing silver altar of Zin.
  7338 | D:8      | Found an ancient bone altar of Kikubaaqudgha.
  7502 | D:8      | Reached skill level 10 in Fighting
  7655 | D:8      | Found a glowing golden altar of the Shining One.
  7706 | D:8      | Found a staircase to the Lair.
  7771 | D:8      | Reached XP level 10. HP: 83/85 MP: 10/10
  7832 | D:8      | Found a snail-covered altar of Cheibriados.
  8242 | D:9      | Found a sacrificial altar of Ru.
  9355 | D:9      | Noticed an ogre mage
  9695 | D:9      | Killed an ogre mage
 10146 | D:10     | Entered Level 10 of the Dungeon
 10202 | D:10     | Killed an unseen horror
 10202 | D:10     | Reached skill level 15 in Long Blades
 10202 | D:10     | Reached XP level 11. HP: 52/95 MP: 8/11
 10611 | Lair:1   | Entered Level 1 of the Lair of Beasts
 10650 | Lair:1   | Reached skill level 1 in Dodging
 10895 | Lair:1   | Found a runed door.
 10896 | Lair:1   | Noticed smtktc's ghost (novice DECj)
 10934 | Lair:1   | Identified the Handbook of Blistering Attacks
 11033 | Lair:1   | Reached skill level 5 in Armour
 11503 | Lair:2   | Reached skill level 5 in Shields
 11907 | Lair:2   | You fall through a shaft!
 11991 | Lair:3   | Noticed a four-headed hydra
 12000 | Lair:3   | Killed a five-headed hydra
 12103 | Lair:3   | Reached skill level 5 in Dodging
 12289 | Lair:3   | Found a labyrinth entrance.
 12299 | Lab      | Entered a labyrinth
 14747 | Lab      | Noticed a minotaur
 14757 | Lab      | Killed a minotaur
 14757 | Lab      | Reached XP level 12. HP: 59/102 MP: 2/12
 14766 | Lab      | Got a twisted ring mail
 14778 | Lab      | Identified the +4 ring mail of the Bruised Suns {SInv} (You
                  | found it in a labyrinth)
 15301 | Lair:2   | Found a hole to the Spider Nest.
 15326 | Lair:2   | Noticed Harold
 15338 | Lair:2   | Killed Harold
 15722 | Lair:3   | Found a staircase to the Shoals.
 16633 | Lair:4   | Found a frozen archway.
 16656 | IceCv    | Entered an ice cave
 17454 | IceCv    | Got a fine hat
 17470 | IceCv    | Identified the +3 hat of Goggiboa {Dex+4} (You found it in
                  | an ice cave)
 17480 | IceCv    | Identified a +0 pair of boots of running (You found it in
                  | an ice cave)
 17517 | IceCv    | Reached skill level 10 in Armour
 17568 | IceCv    | Noticed a reaper
 17590 | IceCv    | Killed a reaper
 17590 | IceCv    | Gained mutation: You can hop long distances. [Barachi
                  | growth]
 17590 | IceCv    | Reached XP level 13. HP: 65/107 MP: 8/13
 18102 | Lair:4   | Found a hazy altar of Hepliaklqana.
 18541 | Lair:4   | Reached skill level 10 in Shields
 19619 | Lair:4   | Reached skill level 10 in Dodging
 20510 | Lair:5   | Reached XP level 14. HP: 78/114 MP: 8/14
 21084 | Lair:5   | Found a runed gate.
 21085 | Lair:5   | Found a runed gate.
 21086 | Lair:5   | Found a runed gate.
 21088 | Lair:5   | Noticed Uwypaar's ghost (journeyman GrFi)
 21188 | Lair:5   | Killed Uwypaar's ghost
 21731 | Lair:6   | Entered Level 6 of the Lair of Beasts
 22011 | Lair:5   | Gained mutation: You are resistant to electric shocks.
                  | (rElec) [potion of mutation]
 22011 | Lair:5   | Gained mutation: You have large cloven feet. [potion of
                  | mutation]
 22011 | Lair:5   | Gained mutation: You expend magic power (3 MP) to
                  | strengthen your wands. [potion of mutation]
 22688 | Lair:5   | Got a polished rapier
 22855 | Lair:6   | Found a staircase to the Slime Pits.
 23008 | Lair:6   | Noticed an entropy weaver
 23568 | Lair:6   | Killed an entropy weaver
 23649 | Lair:6   | Noticed an entropy weaver
 23660 | Lair:6   | Killed an entropy weaver
 23660 | Lair:6   | Reached XP level 15. HP: 52/120 MP: 8/15
 24292 | D:10     | Bought the +1 shield of Tylarev {MR+ rCorr Str+3} for 476
                  | gold pieces
 24328 | D:10     | Found a staircase to the Orcish Mines.
 24937 | D:10     | Got a heavily runed ruby amulet
 24939 | D:10     | Identified the amulet "Plog" {Spirit Str+4} (You found it
                  | on level 10 of the Dungeon)
 25942 | Orc:1    | Entered Level 1 of the Orcish Mines
 25942 | Orc:1    | Noticed Nergalle
 25954 | Orc:1    | Killed Nergalle
 26368 | Orc:1    | Found a roughly hewn altar of Beogh.
 26469 | Orc:2    | Entered Level 2 of the Orcish Mines
 26469 | Orc:2    | Found a staircase to the Elven Halls.
 26787 | Orc:2    | Noticed Blork the orc
 26796 | Orc:2    | Noticed an orc warlord
 26800 | Orc:2    | Killed Blork the orc
 26861 | Orc:2    | Killed an orc warlord
 26905 | Orc:2    | Found a roughly hewn altar of Beogh.
 27146 | Orc:2    | Noticed an orc warlord
 27155 | Orc:2    | Killed an orc warlord
 27306 | Orc:2    | Found Qybedgh's Book Shop.
 27311 | Orc:2    | Found Sorghyawi's Antique Armour Shop.
 27375 | Orc:2    | Found Naewn's General Store.
 27489 | Orc:2    | Found Ofoca's Antique Weapon Shop.
 27514 | Orc:2    | Bought the +0 mask of the Dragon {MR+ Slay+3 SInv} for 400
                  | gold pieces
 27514 | Orc:2    | Found the +0 mask of the Dragon {MR+ Slay+3 SInv}
 27958 | Elf:1    | Entered Level 1 of the Elven Halls
 29276 | D:13     | Reached XP level 16. HP: 132/132 MP: 16/16
 29840 | D:13     | Found a gate to the Vaults.
 30146 | Spider:1 | Entered Level 1 of the Spider Nest
 31895 | Spider:2 | Noticed Azrael
 31902 | Spider:2 | Reached skill level 15 in Fighting
 32138 | Spider:2 | Killed Azrael
 32785 | Spider:3 | Reached XP level 17. HP: 41/142 MP: 0/17
 34004 | Spider:4 | Entered Level 4 of the Spider Nest
 35431 | Spider:4 | Noticed Arachne
 35494 | Spider:4 | Killed Arachne
 35799 | Spider:4 | Got a gossamer rune of Zot
 36532 | Orc:2    | Bought the +18 shield of the Gong {rElec rN+ MR+ EV-5} for
                  | 3308 gold pieces
 36532 | Orc:2    | Found the +18 shield of the Gong {rElec rN+ MR+ EV-5}
 36532 | Orc:2    | Bought a distressingly furry ring mail for 306 gold pieces
 36532 | Orc:2    | Bought a pair of shimmering gloves for 323 gold pieces
 36550 | Orc:2    | Identified the cursed +0 pair of gloves "Zintuaqobb" {rF+
                  | rN++ Str+2 Dex-4} (You bought it in a shop on level 2 of
                  | the Orcish Mines)
 36568 | Orc:2    | Identified the cursed +0 ring mail of Nuirep {MR+} (You
                  | bought it in a shop on level 2 of the Orcish Mines)
 36777 | Elf:1    | Reached XP level 18. HP: 128/160 MP: 18/18
 37020 | Elf:1    | Noticed Asterion
 37035 | Elf:1    | Found Wiyvvopn's Jewellery Shoppe.
 37056 | Orc:2    | Killed Asterion
 37540 | Elf:1    | Noticed Kirke
 37561 | Elf:1    | Killed Kirke
 37688 | Elf:1    | Found Ahinekk's Distillery.
 37691 | Elf:1    | Bought a +3 ring of evasion for 294 gold pieces
 37701 | Elf:1    | Bought a potion of curing for 33 gold pieces
 37701 | Elf:1    | Bought a potion of agility for 44 gold pieces
 37701 | Elf:1    | Bought a potion of haste for 110 gold pieces
 37701 | Elf:1    | Bought a potion of haste for 110 gold pieces
 38296 | Elf:2    | Reached skill level 15 in Shields
 38838 | Elf:2    | Found a runed door.
 38861 | Elf:2    | Found a runed door.
 39158 | Elf:3    | Entered Level 3 of the Elven Halls
 39211 | Elf:3    | Noticed a deep elf master archer
 39855 | Elf:2    | Killed a deep elf master archer
 40050 | Shoals:1 | Entered Level 1 of the Shoals
 40231 | Shoals:1 | Reached XP level 19. HP: 52/167 MP: 16/19
 41060 | Shoals:1 | Found a runed door.
 41061 | Shoals:1 | Noticed Geodd's ghost (adept BaHu)
 41586 | Shoals:1 | Killed Geodd's ghost
 41830 | Shoals:2 | Noticed Polyphemus
 41862 | Shoals:2 | Killed Polyphemus
 42282 | Shoals:2 | Found a runed gate.
 42282 | Shoals:2 | Found a runed gate.
 42282 | Shoals:2 | Found a runed gate.
 42284 | Shoals:2 | Noticed Muejoytu's ghost (adept NaGl)
 42976 | Shoals:2 | Killed Muejoytu's ghost
 43766 | Shoals:4 | Entered Level 4 of the Shoals
 43846 | Shoals:4 | Reached skill level 15 in Armour
 44079 | Shoals:4 | Found Siuruuk's Book Boutique.
 44543 | Shoals:4 | Reached XP level 20. HP: 155/174 MP: 20/20
 44556 | Shoals:4 | Found Zuschar's Jewellery Shop.
 44746 | Shoals:4 | Got a barnacled rune of Zot
 44756 | Shoals:4 | Found Vuebbuyrr's Assorted Antiques.
 44759 | Shoals:4 | Bought a potion of curing for 102 gold pieces
 44759 | Shoals:4 | Bought a scroll of magic mapping for 119 gold pieces
 45473 | Elf:3    | Noticed a Tzitzimitl
 45479 | Elf:3    | Noticed a Brimstone Fiend
 45484 | Elf:3    | HP: 2/174 [acid (14)]
 46708 | Elf:3    | Found a roughly hewn altar of Beogh.
 46933 | Elf:3    | Noticed a Brimstone Fiend
 46945 | Elf:3    | HP: 2/174 [deep elf sorcerer/exploding inner flame[the
                  | player character] (18)]
 46945 | Elf:3    | Reached skill level 15 in Dodging
 47549 | Elf:3    | Noticed a Brimstone Fiend
 47648 | Elf:3    | Got a pitted lead amulet
 47699 | Elf:3    | Found Ybuifaunne's Antique Weapon Shoppe.
 47787 | Elf:3    | Got a glittering tin amulet
 47899 | Elf:3    | Identified the amulet "Buqim" {Harm *Drain Stlth+} (You
                  | took it off a deep elf high priest on level 3 of the Elven
                  | Halls)
 47900 | Elf:3    | Identified the amulet "Wuirphuc" {+Rage rF- rN+ Int+4} (You
                  | took it off a deep elf high priest on level 3 of the Elven
                  | Halls)
 47921 | Elf:3    | Identified the Grimoire of Malediction
 48020 | Elf:3    | Identified the Almanac of Necromancy
 48122 | Elf:3    | Got a serpentine bone ring
 48124 | Elf:3    | Identified the ring "Neusazidgh" {Ice rElec MR++ Str-5
                  | Dex+2} (You found it on level 3 of the Elven Halls)
 48132 | Elf:3    | Got a steaming granite ring
 48133 | Elf:3    | Identified the ring "Xonli" {rPois rN+ Str-4 Int+5} (You
                  | found it on level 3 of the Elven Halls)
 48311 | Vaults:1 | Entered Level 1 of the Vaults
 48485 | Vaults:1 | Identified a scroll of acquirement
 49191 | Vaults:1 | Found Gegastosk's Antique Armour Boutique.
 49199 | Vaults:1 | Bought a shiny helmet for 165 gold pieces
 49532 | Vaults:2 | Reached XP level 21. HP: 165/180 MP: 21/21
 49946 | Vaults:2 | Found Isoymux's Antique Armour Shoppe.
 49955 | Vaults:2 | Bought a pair of smoking boots for 380 gold pieces
 49965 | Vaults:2 | Identified the +0 pair of boots "Itsairor" {Str+5 Dex+4
                  | Stlth+} (You bought it in a shop on level 2 of the Vaults)
 49986 | Vaults:2 | Found Xaxiod's Jewellery Shoppe.
 49986 | Vaults:2 | Found Jaomn's Armour Shoppe.
 50007 | Vaults:2 | Bought the +10 chain mail of Altruism {rCorr Int-4 SInv}
                  | for 1132 gold pieces
 51686 | Vaults:3 | Noticed Xtahua
 51699 | Vaults:3 | Killed Xtahua
 51764 | Vaults:3 | Noticed a bone dragon
 51771 | Vaults:3 | Found a staircase to the Crypt.
 51794 | Vaults:3 | Killed a bone dragon
 52056 | Vaults:3 | Found a radiant altar of Vehumet.
 52459 | Vaults:4 | Reached XP level 22. HP: 188/188 MP: 22/22
 52580 | Vaults:4 | Found Jinol's Weapon Shop.
 52884 | Vaults:4 | Paralysed by a great orb of eyes for 6 turns
 53170 | Vaults:4 | Found Mur Dyhe's Antique Armour Shop.
 53578 | Vaults:5 | Entered Level 5 of the Vaults
 54130 | D:14     | Found Heesie's Armour Emporium.
 54806 | D:14     | Found Feasuywa's Armour Emporium.
 54863 | D:14     | Found a blossoming altar of Fedhas.
 55228 | D:15     | Entered Level 15 of the Dungeon
 55492 | D:15     | Found a shimmering altar of Xom.
 55747 | D:15     | Found a staircase to the Depths.
 56013 | D:15     | Noticed Josephine
 56022 | D:15     | Killed Josephine
 56315 | Depths:1 | Entered Level 1 of the Depths
 56473 | Depths:1 | Reached XP level 23. HP: 127/194 MP: 23/23
 56507 | Depths:1 | Paralysed by a vampire knight for 6 turns
 56512 | Depths:1 | HP: 6/194 [ice dragon/blast of cold (7)]
 56513 | Depths:1 | HP: 1/194 [vampire knight/bardiche (5)]
 56513 | Depths:1 | Annihilated by a titanic slime creature

Skill      XL: |  1  2  3  4  5  6  7  8  9 10 11 12 13 14 15 16 17 18 19 20 21 22 |
---------------+-------------------------------------------------------------------+-----
Long Blades    | 3 4 5 6 8 9 11 13 15 18 20 | 20.6
Fighting       | 4 5 6 7 8 10 11 12 13 15 19 | 19.3
Armour         | 7 10 12 13 15 17 19 20 | 20.6
Dodging        | 5 8 10 12 13 16 18 20 | 20.7
Shields        | 6 9 11 12 17 18 | 18.6

Action                   |  1- 3 |  4- 6 |  7- 9 | 10-12 | 13-15 | 16-18 | 19-21 | 22-24 || total
-------------------------+-------+-------+-------+-------+-------+-------+-------+-------++-------
Melee: Long sword        |    71 |   171 |   294 |   614 |  1465 |  1589 |  1892 |  1102 ||  7198
       Kick              |       |       |       |       |       |       |     2 |       ||     2
Invok: Potion Petition   |       |       |       |     1 |     1 |       |       |       ||     2
       Call Merchant     |       |       |       |       |     1 |     1 |     2 |       ||     4
 Abil: Hop               |       |     1 |       |     2 |     2 |     2 |     2 |     1 ||    10
Evoke: Wand              |       |       |       |     5 |    10 |     2 |     6 |     8 ||    31
  Use: Scroll            |       |     6 |     1 |    10 |    15 |     9 |    15 |     1 ||    57
       Potion            |       |     1 |     2 |     4 |     3 |     1 |     3 |       ||    14
 Stab: Distracted        |       |       |     4 |     3 |    10 |    23 |    20 |    13 ||    73
       Paralysed         |       |       |       |     1 |       |       |       |       ||     1
  Eat: Chunk             |     2 |     8 |     6 |     2 |       |       |       |       ||    18
       Ration            |       |       |     3 |     9 |    12 |    10 |    13 |     4 ||    51
Armor: Scale mail        |    34 |    62 |    93 |    65 |       |       |       |       ||   254
       Ring mail         |       |       |       |    87 |   272 |   411 |   118 |       ||   888
       Chain mail        |       |       |       |       |       |       |    47 |   170 ||   217
Dodge: Dodged            |    22 |    56 |    62 |   241 |   673 |   911 |   378 |   262 ||  2605
       Deflected         |       |       |       |       |       |       |    22 |     4 ||    26
Block: Shield            |    40 |    68 |   104 |   290 |   892 |  1672 |  2289 |  1467 ||  6822
       Reflection        |       |       |       |       |       |     4 |   288 |    67 ||   359
       Rpst.: Long sword |    10 |    18 |    22 |    72 |   166 |   155 |    61 |    45 ||   549
